2850 views
Uploaded 2020-02-19 09:34:32
Game version 1.32 / 1.32.1
13:40 long 1on1 ladder game on (2)Amazonia
Saved by Wooow
2850 views
Uploaded 2020-02-19 09:34:32
Game version 1.32 / 1.32.1
13:40 long 1on1 ladder game on (2)Amazonia

28 units @ 3.8k
/ 0.3k
10 buildings @ 1.7k
/ 0.6k

| Scroll of Healing | 2 | 500 |
| Potion of Lesser Invulnerability | 2 | 300 |
| Scroll of Protection | 1 | 150 |
| total: | 5 | 950g |
| Wisp | 12 | 720 | / | 0 |
| Huntress | 16 | 3120 | / | 320 |
| total: | 28 | 3840g | / | 320w |
| Ancient Protector | 2 | 270 | / | 160 |
| Altar of Elders | 1 | 180 | / | 50 |
| Moon Well | 4 | 720 | / | 160 |
| Hunter's Hall | 1 | 210 | / | 100 |
| Ancient of War | 2 | 300 | / | 120 |
| Tree of Ages | 1 | 320 | / | 180 |
| total: | 10 | 1680g | / | 590w |
| 0:02 | Wisp |
| 0:02 | Wisp |
| 0:06 | Altar of Elders |
| 0:17 | Moon Well |
| 0:20 | Wisp |
| 0:20 | Wisp |
| 0:22 | Wisp |
| 0:29 | Wisp |
| 0:37 | Wisp |
| 0:51 | Wisp |
| 0:51 | Wisp |
| 1:17 | Wisp |
| 1:17 | Wisp |
| 1:17 | Wisp |
| 1:51 | Hunter's Hall |
| 1:54 | Ancient of War |
| 2:00 | Moon Well |
| 2:19 | Ancient of War |
| 2:30 | Trueshot Aura |
| 2:34 | Moon Well |
| 3:14 | Huntress |
| 3:14 | Huntress |
| 3:33 | Huntress |
| 3:55 | Huntress |
| 4:12 | Huntress |
| 4:30 | Huntress |
| 4:48 | Ancient Protector |
| 5:07 | Huntress |
| 5:29 | Huntress |
| 5:35 | Moon Well |
| 6:21 | Tree of Ages |
| 7:02 | Huntress |
| 7:13 | Huntress |
| 7:44 | Strength of the Moon |
| 8:05 | Ancient Protector |
| 8:22 | Huntress |
| 8:51 | Scout |
| 9:03 | Moon Glaive |
| 9:04 | Huntress |
| 9:04 | Huntress |
| 9:41 | Potion of Lesser Invulnerability |
| 9:42 | Scroll of Protection |
| 9:47 | Trueshot Aura |
| 10:06 | Huntress |
| 10:24 | Huntress |
| 10:39 | Huntress |
| 10:57 | Improved Strength of the Moon |
| 11:33 | Scroll of Healing |
| 11:48 | Scroll of Healing |
| 11:54 | Potion of Lesser Invulnerability |
| 12:10 | Moon Armor |
| 13:15 | Scout |
| Right click | 1028 |
| Select group | 316 |
| Select | 244 |
| Assign group | 125 |
| Build/train/purchase | 51 |
| Use ability | 7 |
| Misc. action | 5 |
46 units @ 6.7k
/ 0.6k
11 buildings @ 1.8k
/ 0.6k

| Scroll of Healing | 2 | 500 |
| Scroll of Protection | 2 | 300 |
| total: | 4 | 800g |
| Wisp | 16 | 960 | / | 0 |
| Archer | 2 | 260 | / | 20 |
| Huntress | 28 | 5460 | / | 560 |
| total: | 46 | 6680g | / | 580w |
| Altar of Elders | 1 | 180 | / | 50 |
| Moon Well | 5 | 900 | / | 200 |
| Ancient of War | 3 | 450 | / | 180 |
| Hunter's Hall | 1 | 210 | / | 100 |
| Ancient of Wonders | 1 | 90 | / | 30 |
| total: | 11 | 1830g | / | 560w |
| 0:04 | Altar of Elders |
| 0:05 | Wisp |
| 0:05 | Wisp |
| 0:05 | Wisp |
| 0:08 | Moon Well |
| 0:20 | Wisp |
| 0:20 | Wisp |
| 0:38 | Ancient of War |
| 0:45 | Wisp |
| 0:45 | Wisp |
| 0:45 | Wisp |
| 1:00 | Wisp |
| 1:00 | Wisp |
| 1:14 | Wisp |
| 1:14 | Wisp |
| 1:26 | Wisp |
| 1:34 | Moon Well |
| 1:44 | Archer |
| 1:44 | Archer |
| 2:06 | Trueshot Aura |
| 2:25 | Wisp |
| 2:32 | Hunter's Hall |
| 2:51 | Ancient of War |
| 3:19 | Wisp |
| 3:33 | Moon Well |
| 3:42 | Scout |
| 3:55 | Huntress |
| 4:00 | Wisp |
| 4:01 | Strength of the Moon |
| 4:06 | Huntress |
| 4:26 | Huntress |
| 4:54 | Huntress |
| 5:10 | Huntress |
| 5:10 | Huntress |
| 5:46 | Moon Well |
| 5:49 | Moon Armor |
| 6:21 | Huntress |
| 6:21 | Huntress |
| 6:54 | Huntress |
| 6:54 | Huntress |
| 7:35 | Huntress |
| 7:37 | Trueshot Aura |
| 7:45 | Ancient of Wonders |
| 8:34 | Scroll of Healing |
| 8:34 | Scroll of Protection |
| 8:38 | Huntress |
| 8:38 | Huntress |
| 9:04 | Huntress |
| 9:04 | Huntress |
| 9:04 | Huntress |
| 9:23 | Searing Arrows |
| 9:29 | Huntress |
| 9:29 | Huntress |
| 9:43 | Huntress |
| 9:43 | Huntress |
| 10:04 | Huntress |
| 10:04 | Huntress |
| 10:17 | Huntress |
| 10:36 | Huntress |
| 11:29 | Moon Well |
| 11:32 | Scroll of Healing |
| 11:33 | Scroll of Protection |
| 12:18 | Huntress |
| 12:18 | Huntress |
| 12:23 | Trueshot Aura |
| 13:15 | Ancient of War |
| 13:16 | Huntress |
| 13:16 | Huntress |
| Right click | 795 |
| Select group | 501 |
| Select | 471 |
| Misc. action | 177 |
| Build/train/purchase | 80 |
| Assign group | 27 |
| Use ability | 14 |
| Esc | 3 |
| Item give/drop | 1 |
โ